Cogmind - Beta 12 @@@ ROGUE MODE // 2023.08.05 @ 01:57:14 Player: Roxy Result: Destroyed by D-53 Grenadier with Mini Grenade Launcher Performance ------------- Evolutions (1) 500 Regions Visited (3) 600 Robots Destroyed (20) 100 Value Destroyed (539) 539 Prototype IDs (0) 0 Alien Tech Used (0) 0 Bonus (0) 0 TOTAL SCORE: 1739 Bonus ------- None Cogmind --------- Core Integrity 0/400 Matter 265/300 Energy 72/100 System Corruption 0% Temperature Cool (0) Movement Walking (120) Location -9/Mines Parts ------- > --- POWER (1) -------- (None) > --- PROPULSION (4) --- Improved Aluminum Leg > --- UTILITY (2) ------ Small Storage Unit Sensor Array > --- WEAPON (2) ------- Small Laser Small Laser > --- INVENTORY (8) ---- Improved Heat Sink Particle Cannon Particle Cannon Peak State ------------ > --- POWER ------------ Light Ion Engine > --- PROPULSION ------- Aluminum Leg Aluminum Leg Aluminum Leg Aluminum Leg > --- UTILITY ---------- Small Storage Unit Sensor Array > --- WEAPON ----------- Small Laser Particle Cannon > --- INVENTORY -------- Ion Engine Light Ion Engine Improved Aluminum Leg Particle Cannon Light Assault Rifle [Rating: 10] Favorites ----------- Power Ion Engine Engine Ion Engine Propulsion Aluminum Leg Leg Aluminum Leg Utility Small Storage Unit Device Sensor Array Storage Small Storage Unit Weapon Assault Rifle Energy Gun EM Pulse Gun Energy Cannon Particle Cannon Ballistic Gun Assault Rifle Build | -11 -10 -9 -9 ------- Run | Jun Mat Mat Min Slots Evolved 2 | . . 2 . Power . | . . . . Propulsion 2 | . . 2 . Utility . | . . . . Weapon . | . . . . Parts Attached 21 | 6 1 7 7 Power 4 | 1 . 1 2 Engine 4 | 1 . 1 2 Core . | . . . . Reactor . | . . . . Propulsion 7 | 2 . 4 1 Treads . | . . . . Leg 7 | 2 . 4 1 Wheel . | . . . . Hover . | . . . . Flight . | . . . . Utility 2 | 1 1 . . Device 1 | . 1 . . Storage 1 | 1 . . . Processor . | . . . . Hackware . | . . . . Protection . | . . . . Artifact . | . . . . Weapon 8 | 2 . 2 4 Energy Gun 4 | 1 . 1 2 Energy Cannon 1 | . . . 1 Ballistic Gun 3 | 1 . 1 1 Ballistic Cannon . | . . . . Launcher . | . . . . Special Weapon . | . . . . Impact Weapon . | . . . . Slashing Weapon . | . . . . Piercing Weapon . | . . . . Special Melee Weapon . | . . . . Unidentified Prototypes . | . . . . Parts Lost 14 | . . 4 10 Power 4 | . . 1 3 Propulsion 5 | . . 1 4 Utility . | . . . . Weapon 5 | . . 2 3 Highest Loss Streak 7 | . . 4 7 To Critical Strikes . | . . . . Average Slot Usage (%) 83 | . 99 93 50 Engine 11 | . 14 10 9 Leg 26 | . 28 38 5 Device 11 | . 13 11 11 Storage 11 | . 14 11 11 Energy Gun 9 | . 14 9 3 Ballistic Gun 12 | . 14 12 9 Naked Turns . | . . . . Heaviest Build 15 | 14 15 15 12 Greatest Support 40 | 20 20 40 10 Greatest Overweight (x) 3 | . . . 3 Average Overweight (x) . | . . . 2 Largest Inventory Capacity 8 | 8 8 8 8 Average Capacity 7 | 7 8 8 8 Most Carried 7 | 6 6 6 7 Average Carried 4 | 2 3 5 5 Final Capacity 8 | 8 8 8 8 Final Carried 6 | 2 6 6 3 Class Distribution -------------------- 67% | Mutant 32% | Scavenger-Mutant Dominant Class ---------------- Mutant | -10/Materials Scavenger-Mutant | -9/Materials Mutant | -9/Mines Resources | -11 -10 -9 -9 ----------- Run | Jun Mat Mat Min Matter Collected 479 | 237 78 74 90 Remotely . | . . . . Salvage Created 788 | . 370 159 259 Parts 41 | . 21 13 7 Haulers Intercepted . | . . . . Recyclers Shooed . | . . . . Parts Field Recycled . | . . . . Retrieved Matter . | . . . . Parts Self-Destructed . | . . . . Prevented . | . . . . Kills | -11 -10 -9 -9 ------- Run | Jun Mat Mat Min Combat Hostiles Destroyed 17 | . 5 6 6 Guns 17 | . 5 6 6 Classes Destroyed 5 | . 4 1 . Tunneler 1 | . 1 . . Recycler 2 | . 2 . . Swarmer 5 | . 2 3 . Grunt 11 | . 3 2 6 Duelist 1 | . . 1 . Best Kill Streak 6 | . 3 6 3 Combat Bots Only 6 | . 2 6 3 Max Kills in Single Turn 2 | . 2 1 1 Gunslinging . | . . . . Exploded . | . . . . Melee . | . . . . Uniques/NPCs Destroyed . | . . . . Combat | -11 -10 -9 -9 -------- Run | Jun Mat Mat Min Damage Taken 1731 | . 114 637 980 Core 424 | . 14 102 308 Absorbed by Shields . | . . . . Core Remaining (%) 97 | 100 94 . . Volleys Fired 65 | . 16 17 32 Largest 2 | . 2 2 2 Hottest 108 | . 60 60 108 Shots Fired 125 | . 32 32 61 Gun 122 | . 32 32 58 Cannon 3 | . . . 3 Launcher . | . . . . Special . | . . . . Kinetic 72 | . 16 30 26 Thermal 35 | . . . 35 Explosive . | . . . . Electromagnetic 18 | . 16 2 . Robot Hit Streak 13 | . 5 4 13 Robot Miss Streak 4 | . 4 3 3 Penetration Max . | . . . . Secondary Targets 7 | . 2 2 3 Max Gunslinging Chain 1 | . 1 1 1 Shots Hit Robots 77 | . 15 17 45 Core Hits 36 | . 11 10 15 Critical Kills . | . . . . Critical Parts Destroyed 1 | . . . 1 Critical Strikes 1 | . . . 1 Destroy 1 | . . . 1 Melee Attacks . | . . . . Impact . | . . . . Slashing . | . . . . Piercing . | . . . . Sneak Attacks . | . . . . Combat Hostiles . | . . . . Follow-up Attacks . | . . . . Damage Inflicted 1016 | . 294 240 482 Guns 865 | . 212 233 420 Cannons 62 | . . . 62 Explosions 73 | . 73 . . Melee . | . . . . Ramming 16 | . 9 7 . Kinetic 459 | . 74 221 164 Thermal 391 | . 73 . 318 Explosive . | . . . . Electromagnetic 150 | . 138 12 . Impact . | . . . . Slashing . | . . . . Piercing . | . . . . Highest Corruption . | . . . . Average Corruption . | . . . . Corruption Purged . | . . . . Corruption Blocked . | . . . . Overload Shots . | . . . . Overflow Damage . | . . . . Projectiles . | . . . . Explosions . | . . . . Melee . | . . . . Knockbacks . | . . . . Impact . | . . . . Kinetic . | . . . . Secondary . | . . . . Self-Inflicted Damage 4 | . 4 . . Shots 1 | . 1 . . Rammed . | . . . . Targets Rammed 2 | . 1 1 . Kicked 2 | . 1 1 . Crushed . | . . . . Highest Temperature 172 | . 63 . 172 Average Temperature 68 | . 27 . 80 Received Heat Transfer 585 | . 90 138 357 Siege Activations . | . . . . Robots Corrupted . | . . . . Combat Hostiles . | . . . . Parts Fried . | . . . . Impact Corruptions . | . . . . Robots Melted . | . . . . Combat Hostiles . | . . . . Parts Melted . | . . . . Heat Transferred 736 | . 50 . 686 Parts Sabotaged . | . . . . Parts Stolen . | . . . . Parts Stripped . | . . . . Power Chain Reactions 1 | . 1 . . Missiles Intercepted . | . . . . Alert | -11 -10 -9 -9 ------- Run | Jun Mat Mat Min Peak Influence 191 | . 183 191 105 Initial 76 | . . 76 5 Average 93 | . 51 149 74 Maximum Alert Level . | . . . . Low Security (%) 100 | 100 100 100 100 Level 1 . | . . . . Level 2 . | . . . . Level 3 . | . . . . Level 4 . | . . . . Level 5 . | . . . . High Security . | . . . . Max Security . | . . . . Squads Dispatched 1 | . 1 . . Investigation . | . . . . Extermination . | . . . . Reinforcement 1 | . 1 . . Assault . | . . . . Garrison . | . . . . Intercept . | . . . . Searches Triggered . | . . . . Construction Impeded . | . . . . Haulers Reinforced . | . . . . Active Scanning Responses . | . . . . Cargo Convoy Interrupts . | . . . . Stealth | -11 -10 -9 -9 --------- Run | Jun Mat Mat Min Distress Signals . | . . . . Communications Jammed . | . . . . Distress Signals . | . . . . Times Spotted 31 | . 7 9 15 Peak Tracking Total 6 | . 3 6 6 Tactical Retreats 2 | . 1 . 1 Traps | -11 -10 -9 -9 ------- Run | Jun Mat Mat Min Traps Triggered . | . . . . Indirectly . | . . . . Trap Hack Attempts . | . . . . Triggered . | . . . . Disarmed . | . . . . Reprogrammed . | . . . . Reused . | . . . . Traps Extracted . | . . . . Installed . | . . . . Triggered . | . . . . Machines | -11 -10 -9 -9 ---------- Run | Jun Mat Mat Min Machines Disabled 1 | . 1 . . Max in Single Turn 1 | . 1 . . Machines Repaired . | . . . . Machines Sabotaged . | . . . . Overloaded Fab Kills . | . . . . Hacking | -11 -10 -9 -9 --------- Run | Jun Mat Mat Min Machines Accessed 4 | . 4 . . Terminals 4 | . 4 . . Fabricators . | . . . . Repair Stations . | . . . . Recycling Units . | . . . . Scanalyzers . | . . . . Garrison Access . | . . . . Total Hacks 8 | . 8 . . Successful 3 | . 3 . . Failed 5 | . 5 . . Catastrophic 2 | . 2 . . Database Lockouts . | . . . . Manual . | . . . . Terminals 8 | . 8 . . Fabricators . | . . . . Repair Stations . | . . . . Recycling Units . | . . . . Scanalyzers . | . . . . Garrison Access . | . . . . Terminal Hacks 3 | . 3 . . Locate Traps 2 | . 2 . . Zone Layout 1 | . 1 . . Fabricator Hacks . | . . . . Repair Station Hacks . | . . . . Recycling Unit Hacks . | . . . . Scanalyzer . | . . . . Garrison Access Hacks . | . . . . Unauthorized Hacks . | . . . . Terminals . | . . . . Fabricators . | . . . . Repair Stations . | . . . . Recycling Units . | . . . . Scanalyzers . | . . . . Garrison Access . | . . . . Data Cores Recovered . | . . . . Used . | . . . . Hacking Detections 2 | . 2 . . Full Trace Events . | . . . . Feedback Events . | . . . . Feedback Blocked . | . . . . Robot Schematics Acquired . | . . . . Robots Built . | . . . . Authchips . | . . . . Time . | . . . . Total Robot Build Rating . | . . . . Part Schematics Acquired . | . . . . Parts Built . | . . . . Authchips . | . . . . Time . | . . . . Total Part Build Rating . | . . . . Parts Repaired . | . . . . Time . | . . . . Parts Recycled . | . . . . Recycled Matter . | . . . . Retrieved Matter . | . . . . Retrieved Components . | . . . . Parts Scanalyzed . | . . . . Part Schematics Acquired . | . . . . Parts Damaged . | . . . . Bothacking | -11 -10 -9 -9 ------------ Run | Jun Mat Mat Min Used RIF Installer . | . . . . Robots Hacked . | . . . . Non-combat . | . . . . Combat . | . . . . Robot Hacks Applied . | . . . . Relay Couplers Released . | . . . . Fabnet Peak Effective % . | . . . . Robots Rewired . | . . . . Allies Hacked . | . . . . Hacks Repelled . | . . . . Allies | -11 -10 -9 -9 -------- Run | Jun Mat Mat Min Total Allies . | . . . . Largest Group . | . . . . Highest-Rated Group . | . . . . Highest-Rated Ally . | . . . . Total Orders . | . . . . Ally Attacks . | . . . . Total Damage . | . . . . Kills . | . . . . Allies Corrupted . | . . . . Allies Melted . | . . . . Intel | -11 -10 -9 -9 ------- Run | Jun Mat Mat Min Robot Analysis Total . | . . . . Derelict Logs Recovered 2 | . . . 2 Drone Launches . | . . . . Drone Recoveries . | . . . . Exploration | -11 -10 -9 -9 ------------- Run | Jun Mat Mat Min Turns Passed 1051 | 54 299 417 281 Spaces Moved 550 | 33 193 232 92 Core 94 | 6 . . 88 Treads . | . . . . Legs 456 | 27 193 232 4 Wheels . | . . . . Hover . | . . . . Flight . | . . . . Fastest Speed 50 | 50 120 120 120 Average Speed 131 | 107 120 120 193 Slowest Speed 200 | 120 120 120 200 Overloaded Moves . | . . . . Propulsion Burnouts . | . . . . Robots Hopped . | . . . . Cave-ins Triggered . | . . . . Exploration Rate (%) 22 | 4 30 25 29 Regions Visited 3 Branch Regions 1 Pre-discovered Areas . | . . . . Known Exits Taken . | . . . . Unknown Exits Taken 3 | 1 1 1 . Scrap Searched . | . . . . Spaces Dug . | . . . . Terrain Destroyed 3 | . 3 . . Melee . | . . . . Projectile . | . . . . AOE 3 | . 3 . . Terrain Rammed . | . . . . Walls Destroyed . | . . . . Machines Disabled . | . . . . Actions | -11 -10 -9 -9 --------- Run | Jun Mat Mat Min Total 755 | 51 228 338 138 Wait 95 | 5 11 75 4 Move 547 | 32 192 231 92 Hop . | . . . . Pick Up 24 | 8 6 7 3 Fast Attach . | . . . . Attach 20 | 6 1 7 6 Detach . | . . . . Swap 1 | . . . 1 Drop 1 | . 1 . . Fire 65 | . 16 17 32 Melee . | . . . . Ram . | . . . . Kick 2 | . 1 1 . Crush . | . . . . Escape Stasis . | . . . . Rewire . | . . . . Trap . | . . . . Miscellaneous . | . . . . Route ------- -11/Junkyard -10/Materials -9/Materials -9/Mines (discovered 2 exits: [*Mat] / Exi) History --------- Turn | Location | Event 8 | -11/Junkyard | Discovered new exit (range 15) 55 | -11/Junkyard | Entered Materials 301 | -10/Materials | Discovered new exit (range 17) 318 | -10/Materials | Build established: Mutant 354 | -10/Materials | Entered another Materials area 354 | -9/Materials | Evolved 2 slots: Propulsion x2 491 | -9/Materials | Lost 4 parts (1p1n2w) 748 | -9/Materials | Discovered new exit (range 16) 771 | -9/Materials | Entered Mines 806 | -9/Mines | Build established: Scavenger-Mutant 842 | -9/Mines | Core integrity fell below 50% 883 | -9/Mines | Lost 7 parts (1p4n2w) 933 | -9/Mines | Discovered new exit (range 6) 951 | -9/Mines | Identified exit to Exiles 978 | -9/Mines | Learned Materials stockpile data 1011 | -9/Mines | Assembled infested the area 1016 | -9/Mines | Assisted by a Guerilla fighting off Assembled 1045 | -9/Mines | Core integrity fell below 20% 1052 | -9/Mines | Destroyed by D-53 Grenadier with Mini Grenade Launcher Last Messages --------------- G-47 Trooper destroyed. HV Slug penetrates G-34 Mercenary. HV Slug penetrates Wall. HV Slug penetrates G-34 Mercenary. G-34 Mercenary suffers critical hit (Destroy). G-34 Mercenary destroyed. Ion Engine destroyed. U-05 Engineer destroyed. Lgt. Assault Rifle destroyed. Knocked back. HV Slug penetrates Wall. as-37246 destroyed. Lgt. Ion Engine destroyed. U-05 Engineer lays Concrete. The unstable cave ceiling collapses. U-05 Engineer lays Concrete. Destroyed Shock Absorption System. The unstable cave ceiling collapses. as-47094 destroyed. as-48363 destroyed. Map ----- +----------------------------------------------------+ | ????????????????????????????????????????????????# | | ????????????????????????????????????????????????# | | ????????????????????????????????????????????????## | | ?????????????????????????????????????????????????# | | ?????????????????????????????????????????????????# | | ?????????????????????????????????????????????? ??? | | ?????????????????????????????????????????????? #?? | | ?????????????????????????????????????????????? #?? | | ????????????????????????????????????????????## #?? | | ?????????????????????????? ??????????????? #?? | | ????????????????????????? ??????#???????? #?? | | ????????????????????????? ?????? ????????# #?? | | ???????????????????????? #????? ????????# #?? | | ?????????????????????????# ##### ????????#$ #?? | | ??????????????????????????# ## ???????# #?# | | ??????????????????????????# ????????# ### | | ?????????????????????????## # u#???????## | | ?????????????????????##### ##?????## ### | | ?????????????????????# ####### ## | | ????????????????????? ## < | | ?????????????????????? ? #?# ### ### | | ?????????????????????## ### #### k #?## ## | | ?????????????????????# #####??## ##? | | ????????????????????## # k #???????####?? | | ????????????????????# #######????????????? | | ????????????????????# @ d#??????????????????? | | ????????????????????# =* #?????????????????? | | ????????????????????# = #?????????????????? | | ????????????????????## !! #?????????????????? | | ?????????????????????## = #?????????????????? | | ??????????????????????##a# a #?????????????????? | | ??????????????????????## !%!#?????????????????? | | ?????????????????????## [ =##??????????????? | | ?????????????????????# = %%%% #??????????????? | | ????????????????????## *%] % #??????????????? | | ????????????????????# ! ##% #????????????? | | ????????????????????# #? #????????????? | | ???????????????????## "### ###??a #????????????? | | ?????????????????### #???##??????#????????????? | | ?????????????????# #????????????????????????? | | ????????????????# ##????????????????????????? | | ????????????? ####?????????????????????????? | | ?????????? #?????????????????????????????? | | ?????????# !??????????????????????????????? | | ?????????## *???????????????????????????????? | | ??????????## ???????????????????????????????? | | ???????????## ????????????????????????????????? | | ????????????## ?????????????????????????????????? | | ?????????????# ??????????????????????????????????? | | ?????????????????????????????????????????????????? | +----------------------------------------------------+ Best States ------------- Heat Dissipation 28 Energy Generation 10 Energy Capacity 250 Matter Stores 300 Matter Capacity 300 Sight Range 16 Robot Scan Range 14 Terrain Scan Density 10 Evasion (%) 55 Item Schematics ----------------- None Robot Schematics ------------------ None Fabricated ------------ Nothing Alien Tech Used ----------------- None Achievements -------------- None Challenges ------------ None Game ------ Seed MediumBattleBeamcaster Manual? 0 Play Time 00:15:17 Cumulative 10.1 hours Start 2023.08.05 @ 00:31:54 End 2023.08.05 @ 01:57:14 Sessions 2 Manual Loads 0 Difficulty Rogue Special Mode None Game No. 17 Rogue 17 Adventurer 0 Explorer 0 Win Type - Total 0 Types 0/0/0/0/0/0/0/0/0 Lore% 12 Gallery% 15 Achievement% 12 Wizard Run 0 Options --------- ASCII 0 Keyboard 0 Movement Mouse Keybinds 0 Fullscreen 1 Font 18/SmallcapsGlow Map View 76x50 Tactical HUD 0 Map Filters NONE Filters NONE Steam 1 RUN: bfd1ca4b-7cdb-4acb-aff2-e859ebec37f4